 Dungeon Crawl Stone Soup version 0.25-a0-35-g747a2b3c0c (webtiles) character file.

Game seed: 11102698807276823335, levelgen mode: deterministic

26 Chiseanne the Magician (level 2, 0/19 HPs)
             Began as a Demonspawn Wizard on Oct 18, 2019.
             Slain by an adder (1 damage)
             ... on level 1 of the Dungeon.
             The game lasted 00:02:39 (1788 turns).

Chiseanne the Magician (Demonspawn Wizard)          Turns: 1788, Time: 00:02:39

Health: 0/19       AC:  3    Str:  7    XL:     2   Next: 89%
Magic:  3/6        EV: 12    Int: 19    God:
Gold:   0          SH:  0    Dex: 11    Spells: 5/8 levels left

rFire    . . .     SeeInvis .   j - -1 short sword (curse)
rCold    . . .     Gourm    .   (no shield)
rNeg     . . .     Faith    .   a - +0 robe
rPois    .         Spirit   .   b - +1 hat
rElec    .         Reflect  .   (no cloak)
rCorr    .         Harm     .   (no gloves)
MR       +....                  (no boots)
Stlth    ++........             (no amulet)
HPRegen  0.06/turn              n - ring of protection from magic
MPRegen  0.10/turn              (no ring)

@: no status effects
A: rot immunity
a: no special abilities


You were on level 1 of the Dungeon.
You were hungry.

You visited 1 branch of the dungeon, and saw 2 of its levels.

Inventory:

Hand Weapons
 g - a +0 club
 i - a +0 short sword
 j - a cursed -1 short sword (weapon)
 m - a +0 club
Missiles
 f - 11 bolts
 k - 2 throwing nets (quivered)
Armour
 a - a +0 robe (worn)
 b - a +1 hat (worn)
Jewellery
 n - a ring of protection from magic (left hand)
Scrolls
 p - a scroll of blinking {unknown}
Potions
 c - 2 potions of curing {unknown}
 e - a potion of might {unknown}
 h - a potion of agility {unknown}
 o - a potion of flight {unknown}
Comestibles
 d - 2 rations


   Skills:
 - Level 1.7 Dodging
 - Level 1.7 Stealth
 * Level 3.5 Spellcasting
 * Level 2.1 Conjurations
   Level 1.0 Summonings
 - Level 0.8 Translocations


You had 5 spell levels left.
You knew the following spells:

 Your Spells              Type           Power        Failure   Level  Hunger
a - Magic Dart            Conj           ##..         6%          1    None
b - Blink                 Tloc           N/A          16%         2    ##.....

Your spell library contained the following spells:

 Spells                   Type           Power        Failure   Level  Hunger
 Call Imp                 Summ           #.......     14%         2    ##.....
 Slow                     Hex            #.......     22%         2    ##.....
 Conjure Flame            Conj/Fire      #.......     28%         3    ###....
 Mephitic Cloud           Conj/Pois/Air  #.......     32%         3    ###....


Dungeon Overview and Level Annotations

Branches:
Dungeon (2/15)

Altars:


Innate Abilities, Weirdness & Mutations

You are immune to rotting.


Message History

Casting: Magic Dart (safe; 6% risk of failure)
Confirm with . or Enter, or press ? or * to list all spells.
Aiming: Magic Dart (safe; 6% risk of failure)
Press: ? - help, Shift-Dir - straight line, f/p - jackal
Aim: a jackal The magic dart hits the jackal.
The jackal is moderately wounded.
The jackal misses you. The adder bites you.
* * * LOW HITPOINT WARNING * * *
Casting: Magic Dart (safe; 6% risk of failure)
Confirm with . or Enter, or press ? or * to list all spells.
Aiming: Magic Dart (safe; 6% risk of failure)
Press: ? - help, Shift-Dir - straight line, f/p - jackal
Aim: a jackal (moderately wounded)
The magic dart hits the jackal.
The jackal is severely wounded.
The jackal bites you.
* * * LOW HITPOINT WARNING * * *
The adder bites you.
You die...

#.......# ####.......# #
#..........### ## #........^...#
.# #....#######.## .#
#.)......##...# #######
.###.##.#.#.##...###.....#####
.'........#.#.............÷.)####
.##.###.###.#...@###........†....
###.# #.###.#.#.Sh....#######'##.
###.###.....#.###.[.#.#........#.
...................>#.#........#.
##..####...######.....#........#.
#..# #...# ##....#........#.
#..####...# #....#........#.
#.........# #....#........#.
#.####....# #....#........#.


You could see an adder and a jackal.

Vanquished Creatures
  An adder (D:1)
  A goblin (D:1)
  5 hobgoblins (D:1)
  7 bats (D:1)
  3 kobolds (D:1)
  2 rats (D:1)
19 creatures vanquished.

Notes
Turn   | Place    | Note
-------+----------+-------------------------------------------
     0 | D:1      | Chiseanne the Demonspawn Wizard began the quest for the
                  | Orb.
     0 | D:1      | Reached XP level 1. HP: 13/13 MP: 4/4
   669 | D:1      | Gained mutation: You are immune to rotting. [demonic
                  | ancestry]
   669 | D:1      | Reached XP level 2. HP: 19/19 MP: 1/6
  1241 | D:1      | Learned a level 2 spell: Blink
  1788 | D:1      | Slain by an adder

Levels and vault maps discovered:
D:1:      ncdulo_smallfort, layout_basic, minivault_25
D:2:      layout_rooms, chequers_ecumenical_altar_island, first_ration,
          led_sif_pool, uniq_jessica

Skill      XL: |  1  2 |
---------------+-------+-----
Conjurations   | 2 |  2.1
Dodging        | |  1.7
Stealth        | |  1.7
Spellcasting   | |  3.5
Summonings     | |  1.0
Translocations | |  0.8

Action                   || total
-------------------------++-------
Melee: Unarmed           ||     7
       Club              ||     4
       Short sword       ||    15
 Cast: Magic Dart        ||    45
  Use: Scroll            ||     4
  Eat: Chunk             ||     2
Armor: Robe              ||     9
Dodge: Dodged            ||    24

Table legend:
 A = Non-vault XP
 B = Vault XP
 C = Vault XP percentage of total XP
 D = Non-vault monster count
 E = Vault monster count
 F = Vault count percentage of total count
                 A         B        C        D         E       F
            +---------+---------+-------+---------+---------+-------
      Total |      38 |       0 |   0.0 |      19 |       0 |   0.0
            +---------+---------+-------+---------+---------+-------
        D:1 |      38 |       0 |   0.0 |      19 |       0 |   0.0
            +---------+---------+-------+---------+---------+-------
